AoeStats
← Murk of Arabia

Nomad

510458433Analyzed
3v3 RM · 2d ago on Oct 1, 2026· 29m 52s· 6 players
Game mode
Random Map
Map size
210×210
Population
200
Speed
Normal
Resources
Standard
Victory
Conquest
Starting age
Dark Age
Ending age
Imperial Age
RankedLock teamsTeams togetherTeam positionsShared explorationLock speedFull tech treeHidden civsTurbo modeCheats
Victory
Defeat
🇺🇸 Celts · United States
1260
+12
🇺🇸 Saxons · United States
1260
+12
🇺🇸 Danes · United States
1238
+13
🇺🇸 Persians · United States
1203
-14
🇺🇸 Danes · United States
1164
-12
🇺🇸 Varangians · United States
1131
-11
kyles.jav
13:32 Loom
16:32 Feudal Age
20:26 Castle Age
19:06 Double-Bit Axe
19:19 Horse Collar
20:38 Wheelbarrow
22:17 Fletching
22:58 Bow Saw
23:15 Scale Mail Armor
23:45 Bodkin Arrow
26:46 Gold Mining
29:08 Chain Mail Armor
iSuk | McGoosey
7:59 Loom
12:45 Feudal Age
17:15 Castle Age
15:47 Double-Bit Axe
16:56 Scale Mail Armor
17:12 Fishing Lines
17:52 Gold Mining
20:29 Bow Saw
25:24 Chain Mail Armor
26:28 Squires
26:23 Arson
27:23 Forging
MizD
12:30 Feudal Age
17:29 Castle Age
17:36 Fletching
18:45 Crossbowman
20:39 Bodkin Arrow
Cracker Barrel
4:18 Loom
15:18 Feudal Age
16:18 Double-Bit Axe
17:26 Scale Mail Armor
17:08 Horse Collar
17:48 Forging
17:29 Arson
19:49 Castle Age
18:12 Fishing Lines
18:33 Fletching
19:58 Stone Mining
19:59 Gold Mining
21:12 Bow Saw
21:29 Chain Mail Armor
21:22 Heavy Plow
22:23 Wheelbarrow
22:31 Iron Casting
21:43 Gambesons
22:22 Gillnets
25:10 Squires
26:15 Man-at-Arms
27:29 Hand Cart
27:00 Town Watch
27:27 Long Swordsman
Micro Machines
13:58 Feudal Age
14:25 Fishing Lines
14:52 Double-Bit Axe
14:56 Loom
20:16 Castle Age
22:13 Fletching
27:37 Scale Barding Armor
Murk of Arabia
10:39 Loom
15:28 Feudal Age
21:30 Castle Age
19:23 Fletching
23:23 Double-Bit Axe
23:31 Fishing Lines
24:47 Bow Saw
25:23 Man-at-Arms
25:49 Gambesons
26:12 Squires
Connection lost

Rejoining the realm…

Still unreachable

The connection could not be restored.

Session expired

The server has moved on; the page needs a fresh start.